 Dungeon Crawl Stone Soup version 0.22-a0-247-gbddf880 (webtiles) character file.

688 George the Cleaver (level 7, -4/45 HPs)
             Began as a Hill Orc Fighter on Feb 25, 2018.
             Killed from afar by a wretched star (23 damage)
             ... with an orb of energy
             ... on level 1 of the Abyss.
             The game lasted 00:07:21 (3462 turns).

George the Cleaver (Hill Orc Fighter)               Turns: 3462, Time: 00:07:22

Health: -4/45      AC: 14    Str: 21    XL:     7   Next: 62%
Magic:  7/7        EV:  3    Int:  8    God:
Gold:   291        SH: 11    Dex: 10    Spells: 6/6 levels left

rFire    . . .     SeeInvis .   a - +0 war axe
rCold    . . .     Gourm    .   c - +0 shield
rNeg     . . .     Faith    .   t - +0 plate armour
rPois    +         Spirit   .   z - +2 hat
rElec    .         Reflect  +   (no cloak)
rCorr    .         Harm     .   (no gloves)
MR       +....                  l - +0 pair of boots
Stlth    ..........             u - +2 amulet of reflection
HPRegen  0.15/turn              m - ring of protection from magic
MPRegen  0.10/turn              r - ring of poison resistance

@: drained
A: [frail 2]
a: no special abilities


You were on level 1 of the Abyss.
You were not hungry.

You visited 1 branch of the dungeon, and saw 6 of its levels.
You visited the Abyss 1 time.

You collected 291 gold pieces.

Inventory:

Hand Weapons
 a - a +0 war axe (weapon)
Missiles
 n - a throwing net
 v - 2 javelins of returning (quivered)
Armour
 c - a +0 shield (worn)
 l - a +0 pair of boots (worn)
 t - a +0 plate armour (worn)
 z - a +2 hat (worn)
Jewellery
 m - a ring of protection from magic (left hand)
 r - a ring of poison resistance (right hand)
 u - a +2 amulet of reflection (around neck)
Wands
 p - a wand of polymorph (18)
Scrolls
 e - a scroll of identify
 g - a scroll of immolation {unknown}
 i - 2 scrolls of remove curse
 j - 2 scrolls of fog {unknown}
 k - 2 scrolls of amnesia {unknown}
 o - a scroll of random uselessness {unknown}
 s - 5 scrolls of teleportation {unknown}
 x - a scroll of enchant weapon {unknown}
 y - a scroll of magic mapping {unknown}
Potions
 b - a potion of haste
 d - a potion of might
 h - 4 potions of flight
 q - a potion of magic
 w - a potion of heal wounds
Comestibles
 f - 4 rations


   Skills:
 + Level 3.6(3.5) Fighting
 + Level 10.8(10.7) Axes
 + Level 3.3(3.2) Armour
 - Level 3.2 Shields


You had 6 spell levels left.
You didn't know any spells.

Dungeon Overview and Level Annotations

Branches:
Dungeon (6/15)
 Temple: D:4-7

Altars:
Ashenzari
Dithmenos
Gozag
Hepliaklqana
Ru
Xom
Yredelemnul

Shops:
D:4 }

Annotations:
D:4 Edmund


Innate Abilities, Weirdness & Mutations

[You are very frail. (-20% HP)]


Message History

Found a throwing net.
A neqoxec comes into view.
Evoke which item? (* to show all) (? for menu, Esc to quit)
Aiming: Polymorph
Press: ? - help, Shift-Dir - straight line, f - neqoxec
Aim: a neqoxec (hasn't noticed you, chance to defeat MR: 28%)
The neqoxec evaporates and reforms as a smoke demon!
A wretched star comes into view.
The smoke demon gestures at you. Something smites you!
The wretched star glows turbulently.
The orb of energy hits you!
The orb of energy explodes!
The wretched star pulses with an eldritch light!
You feel frail. x2
Found a gateway leading out of the Abyss.
You can't go down here!
The wretched star glows turbulently.
The orb of energy hits you!
Ouch! That really hurt!
You die...

.. . .∩ . .# .# .#
#.##. #. #.# ###.#.
... #.. #.# ..
....#..#.## ..
#...#@..# .# #*.###
.# .. #...## .# #..#
##.#3..###..# #
.........#...# #.#
..#......#.#.## .#
#....#..####.###....
..##.#.####. ....#
##. #...# # ..#.#.#


You could see a wretched star and a smoke demon.

Vanquished Creatures
  The ghost of Amnesiac the Prestidigitator, a novice DEAr of Gozag (D:4)
  Sigmund (D:4)
  Terence (D:2)
  2 worker ants
  A worker ant zombie (D:6)
  4 adders
  2 adder skeletons (D:4)
  A worm (D:4)
  2 dart slugs
  3 leopard geckos
  6 orcs
  3 giant cockroaches
  10 goblins
  5 hobgoblins
  2 jackals (D:3)
  A quokka (D:4)
  A ball python (D:2)
  7 bats
  3 frilled lizards
  8 kobolds
  8 rats
72 creatures vanquished.

Vanquished Creatures (others)
  5 toadstools (D:1)
5 creatures vanquished.

Grand Total: 77 creatures vanquished

Notes
Turn   | Place    | Note
-------+----------+-------------------------------------------
     0 | D:1      | George the Hill Orc Fighter began the quest for the Orb.
     0 | D:1      | Reached XP level 1. HP: 19/19 MP: 1/1
    49 | D:1      | Reached skill level 3 in Axes
   144 | D:1      | Reached XP level 2. HP: 20/26 MP: 2/2
   296 | D:1      | Reached skill level 4 in Axes
   648 | D:2      | Reached XP level 3. HP: 31/31 MP: 3/3
   665 | D:2      | Reached skill level 5 in Axes
  1061 | D:2      | You fall through a shaft for 2 floors!
  1061 | D:4      | Found Ykoa's Gadget Shop.
  1069 | D:4      | Reached XP level 4. HP: 37/39 MP: 4/4
  1085 | D:4      | Reached skill level 6 in Axes
  1364 | D:2      | Noticed Terence
  1384 | D:2      | Killed Terence
  1535 | D:3      | Reached XP level 5. HP: 43/45 MP: 5/5
  1646 | D:3      | Found a shattered altar of Ashenzari.
  1646 | D:3      | Found a shadowy altar of Dithmenos.
  1647 | D:3      | Found a sacrificial altar of Ru.
  1686 | D:3      | You fall through a shaft for 3 floors!
  1698 | D:6      | Reached skill level 7 in Axes
  1755 | D:5      | Entered Level 5 of the Dungeon
  2233 | D:3      | Found an opulent altar of Gozag.
  2244 | D:3      | Found a basalt altar of Yredelemnul.
  2920 | D:4      | Noticed Sigmund
  2927 | D:4      | Killed Sigmund
  2927 | D:4      | Reached skill level 9 in Axes
  2927 | D:4      | Reached XP level 6. HP: 51/51 MP: 6/6
  2957 | D:4      | Noticed Edmund
  2978 | D:4      | HP: 2/51 [something (3)]
  3294 | D:4      | Noticed Amnesiac's ghost (novice DEAr)
  3310 | D:4      | Killed Amnesiac's ghost
  3310 | D:4      | Reached skill level 10 in Axes
  3310 | D:4      | Reached XP level 7. HP: 55/57 MP: 7/7
  3378 | D:4      | Found a hazy altar of Hepliaklqana.
  3379 | D:4      | Found a shimmering altar of Xom.
  3380 | D:4      | Noticed a spectral ugly thing
  3417 | D:4      | Cast into level 1 of the Abyss (Edmund)
  3455 | Abyss:1  | Noticed a neqoxec
  3455 | Abyss:1  | Noticed a smoke demon
  3455 | Abyss:1  | a neqoxec changed into a smoke demon
  3458 | Abyss:1  | Noticed a wretched star
  3462 | Abyss:1  | Killed from afar by a wretched star

Vault maps used:
D:1:      ldierk_walled_garden
D:2:      uniq_terence
D:3:      gammafunk_temple_overflow_claw, minitemple
D:4:      regret_index_temple_of_mockery, kennysheep_vampire_church,
          serial_shops, shop, first_ration, sigmund_edmund_badplayer, uniq_ijyb
D:5:      cheibrodos_helix_gallery, okawaru_trees_2
D:6:      minmay_temple_entry_trees, uniq_duvessa

Skill      XL: |  1  2  3  4  5  6 |
---------------+-------------------+-----
Axes           | 3 4 5 6 9 10 | 10.8
Fighting       | |  3.6
Armour         | |  3.3
Shields        | |  3.2

Action                   |  1- 3 |  4- 6 |  7- 9 || total
-------------------------+-------+-------+-------++-------
Melee: War axe           |   123 |   200 |     7 ||   330
Evoke: Wand              |       |       |     1 ||     1
  Use: Scroll            |       |     7 |       ||     7
  Eat: Chunk             |       |     6 |       ||     6
       Ration            |       |     1 |       ||     1
Armor: Scale mail        |    49 |    10 |       ||    59
       Chain mail        |       |    27 |       ||    27
       Plate armour      |       |    68 |     2 ||    70
Dodge: Dodged            |    41 |    25 |     1 ||    67
Block: Shield            |    48 |   107 |     1 ||   156

Table legend:
 A = Spawn XP
 B = Non-spawn XP
 C = Spawn XP percentage of total XP
 D = Spawn monster count
 E = Non-spawn monster count
 F = Spawn count percentage of total count
 G = Total turns spent on level
                    A         B        C        D         E        F      G
               +---------+---------+-------+---------+---------+-------+---------
         Total |       0 |     983 |   0.0 |       0 |      72 |   0.0 |  3462
               +---------+---------+-------+---------+---------+-------+---------
           D:1 |       0 |      29 |   0.0 |       0 |      19 |   0.0 |   596
           D:2 |       0 |      89 |   0.0 |       0 |      18 |   0.0 |   700
           D:3 |       0 |      42 |   0.0 |       0 |      17 |   0.0 |   724
           D:4 |       0 |     771 |   0.0 |       0 |      16 |   0.0 |  1233
           D:5 |       0 |      36 |   0.0 |       0 |       1 |   0.0 |    95
           D:6 |       0 |      16 |   0.0 |       0 |       1 |   0.0 |    69
               +---------+---------+-------+---------+---------+-------+---------
